 Dungeon Crawl Stone Soup version 0.30-a0-696-g2367cd04db (webtiles) character file.

Game seed: 4065433569153554875

119 Shayle the Trooper (level 4, -1/35 HPs)
             Began as a Demonspawn Reaver on Jan 21, 2023.
             Slain by a goblin
             ... wielding a +0 club
             ... led by Robin
              (2 damage)
             ... on level 3 of the Dungeon.
             The game lasted 00:05:46 (2345 turns).

Shayle the Trooper (Demonspawn Reaver)              Turns: 2345, Time: 00:05:47

Health: -1/35      AC:  4    Str: 13    XL:     4   Next: 74%
Magic:  7/7        EV: 11    Int: 16    God:
Gold:   129        SH:  0    Dex: 11    Spells: 6/7 levels left

rFire   . . .      SeeInvis .    d - +0 trident
rCold   . . .      Faith    .    (no shield)
rNeg    . . .      Spirit   .    b - +0 leather armour
rPois   .          Reflect  .    (no helmet)
rElec   .          Harm     .    (no cloak)
rCorr   .          Rampage  .    (no gloves)
Will    .....                    e - +0 pair of boots
Stlth   ++                       (no amulet)
HPRegen 0.25/turn                (no ring)
MPRegen 0.10/turn                (no ring)

@: no status effects
A: foul stench 1, weakness stinger 1, demonic touch 1
a: no special abilities


You were on level 3 of the Dungeon.
You visited 1 branch of the dungeon, and saw 4 of its levels.

You collected 129 gold pieces.

Inventory:

Hand Weapons
 a - a +1 spear
 d - a +0 trident (weapon)
Missiles
 g - 2 throwing nets
Armour
 b - a +0 leather armour (worn)
 e - a +0 pair of boots (worn)
 f - the +3 leather armour of Gravitas {Drain rC+ Int+4}
   (You found it on level 3 of the Dungeon)

   Int:       It affects your intelligence (+4).
   rC:        It protects you from cold.
   Drain:     It drains your maximum health when unequipped.
Scrolls
 c - a scroll of identify
 m - a scroll of magic mapping
Potions
 h - a potion of heal wounds
 n - 3 potions of lignification
 o - a potion of mutation
 q - 2 potions of curing {unknown}


   Skills:
 + Level 3.2 Fighting
 - Level 2.6 Polearms
 + Level 2.1 Armour
 - Level 1.7 Dodging
 + Level 2.4 Stealth
 - Level 2.0 Spellcasting
 - Level 3.0 Conjurations


You had 6 spell levels left.
You knew the following spells:

 Your Spells              Type           Power      Damage    Failure   Level
a - Kiss of Death         Conj/Necr      24%        2d7       14%         1

Your spell library contained the following spells:

 Spells                   Type           Power      Damage    Failure   Level
 Momentum Strike          Conj/Tloc      12%        3d8       22%         2
 Sting                    Tmut/Pois      4%         1d3       26%         1
 Poisonous Vapours        Pois/Air       2%         N/A       36%         2
 Hailstorm                Conj/Ice       6%         3d4       38%         3
 Olgreb's Toxic Radiance  Pois           1%         N/A       95%         4


Dungeon Overview and Level Annotations

Branches:
Dungeon (4/15)
 Temple: D:4-7

Altars:
Wu Jian

Shops:
D:4 [(

Annotations:
D:3 Robin
D:4 1 transporter


Innate Abilities, Weirdness & Mutations

You may rarely emit foul miasma when damaged in melee.
You have a small tail.
Your touch may inflict minor irresistible damage on your foes.


Message History

You barely miss the goblin. Your touch misses the goblin.
The goblin is moderately wounded.
The goblin is engulfed in dark miasma.
The goblin is poisoned.
The goblin hits you with a +0 club. x2; The goblin hits you but does no damage.
The goblin barely misses you.
A goblin comes into view. It is wielding a +0 dagger.
You hit the goblin.
You kill the goblin!
Robin throws the goblin at you! The goblin hits you with a +0 club.
The goblin hits you but does no damage.
The goblin is engulfed in dark miasma.
The goblin is poisoned.
The goblin hits you but does no damage.
You puncture the goblin!
You kill the goblin!
The goblin hits you with a +0 club.
The goblin hits you but does no damage. x2
Robin throws the goblin at you! The hobgoblin hits you.
You closely miss the goblin.
You touch the goblin.
You kill the goblin!
The goblin hits you with a +0 club.
Robin roars a battlecry!
The goblins go into a battle-frenzy!
The hobgoblin closely misses you. The goblin hits you with a +0 club.
The goblin hits you but does no damage. x3; The hobgoblin hits you.
The goblin closely misses you. The goblin attacks as you move away!
The goblin closely misses you.
The goblin hits you but does no damage. x2
Robin roars a battlecry!
Things that are here:
a +0 dagger; a +0 club; a +0 club The hobgoblin attacks as you move away!
The hobgoblin barely misses you. The goblin attacks as you move away!
The goblin misses you. The hobgoblin attacks as you move away!
The hobgoblin hits you.
* * * LOW HITPOINT WARNING * * *
The goblin hits you with a +0 club.
* * * LOW HITPOINT WARNING * * *
Robin throws the goblin at you!
* * * LOW HITPOINT WARNING * * *
The goblin hits you with a +0 dagger.
* * * LOW HITPOINT WARNING * * *
The goblin attacks as you move away! The goblin hits you with a +0 club.
You die...

...##....###......##
#.......##...#...###
######.......#..)#.. ###
###....#..<)... ....#
##............
#..g########.............
#g[....#...............
....g#.g)g.......##........
≈.....#Sgg@.###.####....#..
≈.....#..g.g##..# #.#.####
...##..#...###.## #...###.
.. #..#...###.# ##...... _
....#...##..# #)#....
.....#...##.## #.##... ##..
#...#..# #...... .
#....#.## ####...### ..#.
##.#####......##


You could see Robin, an adder, a hobgoblin (strong) and 6 goblins.

Vanquished Creatures
  Terence (D:3)
  3 adders
  A dart slug (D:2)
  5 orcs
  3 ball pythons
  7 endoplasms
  2 giant cockroaches
  8 goblins
  8 hobgoblins
  7 kobolds
  A quokka (D:2)
  2 bats (D:2)
  2 frilled lizards (D:1)
  A rat (D:3)
51 creatures vanquished.

Notes
Turn   | Place    | Note
-------+----------+-------------------------------------------
     0 | D:1      | Shayle the Demonspawn Reaver began the quest for the Orb.
     0 | D:1      | Reached XP level 1. HP: 16/16 MP: 3/3
   164 | D:1      | Discovered your monstrous ancestry.
   164 | D:1      | Gained mutation: You have a small tail. [demonic ancestry]
   164 | D:1      | Reached XP level 2. HP: 19/22 MP: 5/5
   274 | D:1      | Reached skill level 1 in Stealth
   526 | D:2      | Reached skill level 1 in Armour
   942 | D:2      | Gained mutation: Your touch may inflict minor irresistible
                  | damage on your foes. [demonic ancestry]
   942 | D:2      | Reached XP level 3. HP: 28/28 MP: 6/6
  1698 | D:4      | Gained mutation: You may rarely emit foul miasma when
                  | damaged in melee. [demonic ancestry]
  1698 | D:4      | Reached XP level 4. HP: 26/34 MP: 7/7
  1730 | D:4      | Found a transporter.
  1738 | D:4      | Found Nifefu's Antique Armour Emporium.
  1766 | D:4      | Found Qimat's Weapon Shoppe.
  2121 | D:3      | Noticed Terence
  2137 | D:3      | Killed Terence
  2241 | D:3      | Identified the +3 leather armour of Gravitas {Drain rC+
                  | Int+4}
  2333 | D:3      | Noticed Robin
  2334 | D:3      | Found an ornate altar of the Wu Jian Council.
  2344 | D:3      | HP: 1/35 [goblin/+0 dagger[Robin] (5)]
  2345 | D:3      | Slain by a goblin

Illustrated notes

Levels and vault maps discovered:
D:1:      dpeg_arrival_rooms_b, layout_rooms
D:2:      layout_loops_corners
D:3:      layout_rooms, nicolae_wu_jian_wuxing_cycle, uniq_terence, uniq_robin
D:4:      layout_basic, nicolae_ru_path_of_blood, gammafunk_ghost_mausoleum,
          serial_shops, kennysheep_mini_moat, shop, nicolae_stop_n_shop_1

Skill      XL: |  1  2  3  4 |
---------------+-------------+-----
Stealth        | 1 2 |  2.4
Armour         | 1 2 |  2.1
Fighting       | 3 |  3.2
Polearms       | |  2.6
Dodging        | |  1.7
Spellcasting   | |  2.0
Conjurations   | |  3.0

Action                   |  1- 3 |  4- 6 || total
-------------------------+-------+-------++-------
Melee: Spear             |   120 |    24 ||   144
       Tailslap          |     9 |     2 ||    11
       Touch             |     6 |     3 ||     9
       Punch             |     1 |       ||     1
       Trident           |       |    11 ||    11
Throw: Throwing net      |       |     1 ||     1
  Use: Scroll            |     5 |     9 ||    14
       Potion            |       |     1 ||     1
 Stab: Invisible         |       |     1 ||     1
       Sleeping          |       |     1 ||     1
Armor: Leather armour    |    36 |    16 ||    52
Dodge: Dodged            |    67 |    27 ||    94

Table legend: (Time is in decaauts)
 A = Elapsed time spent in this place.
 B = Non-inter-level travel time spent in this place.
 C = Inter-level travel time spent in this place.
 D = Time resting spent in this place.
 E = Time spent auto-exploring this place.
 F = Levels seen in this place.
 G = Mean time per level.
                   A        B        C        D        E       F      G
               +--------+--------+--------+--------+--------+-----+--------+
         Total |   2341 |   2304 |     37 |    149 |   1598 |   4 |  585.2 |
       Dungeon |   2341 |   2304 |     37 |    149 |   1598 |   4 |  585.2 |
               +--------+--------+--------+--------+--------+-----+--------+

Top non-repeatable levels by time:
     D:2: 1053 daAuts
     D:3: 564 daAuts
     D:1: 519 daAuts
     D:4: 203 daAuts
